 Dungeon Crawl Stone Soup version 0.21.1-1-g345015f (webtiles) character file.

11733 HammerPanzer the Basher (level 11, -7/153 HPs)
             Began as a Red Draconian Berserker on Apr 4, 2018.
             Was a High Priest of Trog.
             Mangled by a two-headed ogre
             ... wielding a +0 giant club
              (25 damage)
             ... on level 11 of the Dungeon.
             The game lasted 00:28:33 (11897 turns).

HammerPanzer the Basher (Red Draconian Berserker)  Turns: 11897, Time: 00:28:35

Health: -7/153     AC: 14    Str: 28    XL:     11   Next: 53%
Magic:  11/11      EV: 13    Int:  8    God:    Trog [*****.]
Gold:   580        SH:  0    Dex: 15    Spells: 10/10 levels left

rFire    + . .     SeeInvis .   n - +2 morningstar (protect)
rCold    . . .     Gourm    .   (no shield)
rNeg     . . .     Faith    .   (armour unavailable)
rPois    .         Spirit   .   (helmet restricted)
rElec    .         Reflect  .   c - scarf {cloud immunity}
rCorr    .         Harm     .   (no gloves)
MR       .....                  (no boots)
Stlth    ..........             (no amulet)
HPRegen  0.35/turn              h - +1 ring of slaying
MPRegen  0.12/turn              D - +5 ring of dexterity

@: berserking, protection aura, drained, very quick
A: breathe fire, unfitting armour, fire resistance 1, cold-blooded, AC +7
a: Breathe Fire, Berserk, Trog's Hand, Brothers in Arms, Burn Spellbooks,
Renounce Religion


You were on level 11 of the Dungeon.
You worshipped Trog.
Trog was extremely pleased with you.
You were near starving.

You visited 1 branch of the dungeon, and saw 11 of its levels.

You collected 580 gold pieces.

Inventory:

Hand Weapons
 a - the +6 falchion of Gousys {speed, Dex+2}
   (You found it on level 4 of the Dungeon)

   Attacks with this weapon are significantly faster.
   It affects your dexterity (+2).
 n - a +2 morningstar of protection (weapon)
 y - a +0 flail of venom
 F - a cursed -3 flail
Missiles
 m - 6 tomahawks of returning (quivered)
Armour
 c - a scarf of cloud immunity (worn)
Jewellery
 h - a +1 ring of slaying (left hand)
 j - a +4 ring of intelligence
 k - an uncursed ring of protection from magic
 D - a +5 ring of dexterity (right hand)
Wands
 t - a wand of digging (5)
 u - a wand of acid (18)
 v - a wand of paralysis (8)
 C - a wand of iceblast (10)
 G - a wand of random effects (12)
Scrolls
 d - a scroll of enchant weapon
 i - 2 scrolls of remove curse
 q - a scroll of blinking
Potions
 e - 5 potions of curing
 f - a potion of resistance
 g - 3 potions of invisibility
 l - 2 potions of magic
 p - 2 potions of brilliance
 r - a potion of cancellation
 s - a potion of flight
 x - a potion of ambrosia
 z - a potion of might {unknown}
 B - a potion of mutation {unknown}
 E - a potion of lignification {unknown}
Books
 o - a book of Misfortune

   Spells                             Type                      Level
   a - Confusing Touch                Hexes                        1
   b - Confuse                        Hexes                        3
   c - Gell's Gravitas                Translocation                3
   d - Petrify                        Transmutation/Earth          4
   e - Metabolic Englaciation         Hexes/Ice                    5
   f - Yara's Violent Unravelling     Hexes/Transmutation          5
   Trog disapproves of the use of such an item.
Comestibles
 b - 21 rations


   Skills:
 + Level 11.0(10.8) Fighting
 + Level 7.7(7.5) Long Blades
 * Level 13.5(13.3) Maces & Flails
 - Level 2.6(2.5) Dodging


You had 10 spell levels left.
You didn't know any spells.

Dungeon Overview and Level Annotations

Branches:
Dungeon (11/15)            Temple (0/1) D:5            Lair (0/6) D:8
    Orc (0/2) D:10

Altars:
Dithmenos
Elyvilon
Fedhas
Hepliaklqana
Okawaru
Sif Muna

Portals:
Trove: D:10 (give 8 potions of agility)


Innate Abilities, Weirdness & Mutations

You can breathe blasts of fire.
Your fiery red scales are hard. (AC +7)
You cannot fit into any form of body armour.
Your flesh is heat resistant. (rF+)
You are cold-blooded and may be slowed by cold attacks.


Message History

The two-headed ogre is lightly wounded.
You puncture the two-headed ogre! You tail-slap the two-headed ogre.
The two-headed ogre is moderately wounded.
The two-headed ogre hits you with a giant club!
The two-headed ogre hits you with a giant spiked club!!
You puncture the two-headed ogre! You tail-slap the two-headed ogre.
The two-headed ogre is severely wounded.
The two-headed ogre hits you with a giant club!
* * * LOW HITPOINT WARNING * * *
The two-headed ogre closely misses you.
A red film seems to cover your vision as you go berserk!
You feel yourself moving faster!
You feel mighty!
You are feeling very hungry.
You are near starving!
You puncture the two-headed ogre!
The two-headed ogre is severely wounded.
The two-headed ogre hits you with a giant club!
* * * LOW HITPOINT WARNING * * *
The two-headed ogre hits you with a giant spiked club!!
You die...

># .# .# .# #..
###. .# #.# ##....
.# #.# #...... .#
#.# ##......# .#
#.# ###.O..# .#
#.# ####..@.# .##
#.###......##
..#####.##......##
........##)...###
.........)<####
.#..########.#
..#.#....# #.#
#.#......# #.#
#.#......# #.#


You could see a two-headed ogre.

Vanquished Creatures
  2 two-headed ogres
  The ghost of Mirai the Thaumaturge, a novice DECj of Vehumet (D:8)
  An unseen horror (D:11)
  An ugly thing (D:11)
  The ghost of Redear the Covert, a novice OpAs (D:5)
  A gargoyle (D:10)
  2 centaur skeletons (D:11)
  A hippogriff (D:11)
  A spriggan (D:8)
  A vampire (D:10)
  6 yaks (D:11)
  The ghost of ceb the Skirmisher, an amateur DsFi (D:4)
  Menkaure (D:6)
  A warg (D:10)
  2 water moccasins
  2 hell hounds (D:8)
  2 ice beasts
  3 orc warriors
  4 sky beasts
  A black bear (D:8)
  2 eyes of draining
  4 ogres
  3 phantoms
  6 centaurs
  2 crocodiles (D:8)
  4 bullfrogs
  4 scorpions
  15 wights
  17 killer bees
  4 howler monkeys
  3 crimson imps
  A bullfrog zombie (D:9)
  A centaur zombie (D:10)
  2 hounds
  11 orc wizards
  6 orc priests
  An iguana (D:5)
  14 worker ants
  A killer bee zombie (D:8)
  A hound zombie (D:7)
  A hound skeleton (D:10)
  A worker ant zombie (D:7)
  4 gnolls (D:11)
  10 adders
  2 shadow imps (D:7)
  An ooze (D:2)
  An adder zombie (D:7)
  An adder skeleton (D:9)
  2 worms
  2 dart slugs (D:1)
  6 leopard geckos
  54 orcs
  4 giant cockroaches
  10 goblins
  8 hobgoblins
  10 jackals
  10 kobolds
  2 quokkas
  2 ball pythons (D:3)
  8 bats
  5 frilled lizards
  A jackal skeleton (D:5)
  2 quokka skeletons (D:5)
  4 rats
288 creatures vanquished.

Vanquished Creatures (others)
  A bullfrog skeleton (D:8)
1 creature vanquished.

Grand Total: 289 creatures vanquished

Notes
Turn   | Place    | Note
-------+----------+-------------------------------------------
     0 | D:1      | HammerPanzer the Draconian Berserker began the quest for the Orb.
     0 | D:1      | Reached XP level 1. HP: 19/19 MP: 1/1
   212 | D:1      | Reached XP level 2. HP: 24/26 MP: 2/2
   777 | D:2      | Reached XP level 3. HP: 14/33 MP: 3/3
  1064 | D:2      | Reached ** piety under Trog
  1064 | D:2      | Reached skill level 4 in Maces & Flails
  1395 | D:2      | Reached XP level 4. HP: 36/40 MP: 4/4
  1836 | D:3      | Reached skill level 5 in Maces & Flails
  1836 | D:3      | Reached XP level 5. HP: 15/47 MP: 5/5
  2470 | D:3      | Reached *** piety under Trog
  2498 | D:3      | Found a faded altar of an unknown god.
  2670 | D:4      | Noticed a phantom
  2718 | D:4      | Killed a phantom
  2718 | D:4      | Reached skill level 5 in Fighting
  2718 | D:4      | Reached XP level 6. HP: 40/56 MP: 6/6
  2753 | D:4      | Noticed ceb's ghost (amateur DsFi)
  2762 | D:4      | Killed ceb's ghost
  2762 | D:4      | Reached skill level 6 in Maces & Flails
  2934 | D:4      | Got a slimy falchion
  3392 | D:5      | Entered Level 5 of the Dungeon
  3483 | D:5      | Found a hazy altar of Hepliaklqana.
  3498 | D:5      | Found a staircase to the Ecumenical Temple.
  3504 | D:5      | Your scales start taking on a fiery red colour.
  3504 | D:5      | Reached XP level 7. HP: 62/62 MP: 7/7
  3504 | D:5      | Gained mutation: Your flesh is heat resistant. (rF+) [Red Draconian growth]
  3528 | D:5      | Reached skill level 7 in Maces & Flails
  4401 | D:5      | Noticed Redear's ghost (novice OpAs)
  4414 | D:5      | Killed Redear's ghost
  4414 | D:5      | Reached skill level 8 in Maces & Flails
  4414 | D:5      | Reached XP level 8. HP: 73/73 MP: 8/8
  4494 | D:5      | Identified the +6 falchion of Gousys {speed, Dex+2} (You found it on level 4 of the Dungeon)
  4995 | D:6      | Noticed Menkaure
  5003 | D:6      | Killed Menkaure
  5003 | D:6      | Reached skill level 1 in Long Blades
  5003 | D:6      | Reached skill level 9 in Maces & Flails
  5012 | D:6      | Found an iron altar of Okawaru.
  5109 | D:6      | Found an iron altar of Okawaru.
  5816 | D:6      | Reached **** piety under Trog
  5874 | D:7      | Reached XP level 9. HP: 64/81 MP: 9/9
  6074 | D:7      | Reached skill level 10 in Maces & Flails
  6631 | D:8      | Noticed Mirai's ghost (novice DECj)
  6645 | D:8      | Killed Mirai's ghost
  6645 | D:8      | Reached skill level 11 in Maces & Flails
  6882 | D:8      | Found a deep blue altar of Sif Muna.
  7083 | D:8      | Noticed a two-headed ogre
  7090 | D:8      | Killed a two-headed ogre
  7090 | D:8      | Reached skill level 5 in Long Blades
  7090 | D:8      | Reached XP level 10. HP: 23/91 MP: 10/10
  7404 | D:8      | Found a shadowy altar of Dithmenos.
  7507 | D:8      | Found a white marble altar of Elyvilon.
  7631 | D:8      | Found a staircase to the Lair.
  8238 | D:8      | Reached skill level 12 in Maces & Flails
  8301 | D:8      | Reached ***** piety under Trog
  8470 | D:9      | Noticed a two-headed ogre
  8483 | D:9      | Killed a two-headed ogre
  8483 | D:9      | Reached skill level 10 in Fighting
  9231 | D:9      | Found a blossoming altar of Fedhas.
  9282 | D:10     | Entered Level 10 of the Dungeon
  9376 | D:10     | Found a portal to a secret trove of treasure.
  9381 | D:10     | Noticed a gargoyle
  9392 | D:10     | Killed a gargoyle
  9392 | D:10     | Reached XP level 11. HP: 68/101 MP: 0/11
 10428 | D:10     | Found a staircase to the Orcish Mines.
 10774 | D:11     | Received a gift from Trog
 10914 | D:11     | Reached skill level 13 in Maces & Flails
 11000 | D:11     | Noticed a purple ugly thing
 11011 | D:11     | Killed a purple ugly thing
 11014 | D:11     | Killed an unseen horror
 11888 | D:11     | Noticed a two-headed ogre
 11897 | D:11     | Mangled by a two-headed ogre

Skill      XL: |  1  2  3  4  5  6  7  8  9 10 11 |
---------------+----------------------------------+-----
Maces & Flails | 4 5 6 8 9 11 12 13 | 13.5
Fighting       | 4 5 7 9 10 11 | 11.0
Long Blades    | 2 5 6 7 |  7.7
Dodging        | |  2.6

Action                   |  1- 3 |  4- 6 |  7- 9 | 10-12 || total
-------------------------+-------+-------+-------+-------++-------
Melee: Mace              |   107 |    56 |       |       ||   163
       Tailslap          |     5 |    24 |    34 |    69 ||   132
       Flail             |       |    85 |    85 |       ||   170
       Morningstar       |       |       |   203 |   364 ||   567
Throw: Tomahawk          |       |       |     1 |     3 ||     4
Invok: Berserk           |     1 |     4 |     7 |     8 ||    20
 Abil: Breathe Fire      |       |       |     7 |     2 ||     9
  Use: Scroll            |       |     9 |     6 |     5 ||    20
 Stab: Sleeping          |     2 |       |       |     3 ||     5
  Eat: Chunk             |     2 |    11 |    17 |    21 ||    51
       Ration            |       |       |     1 |       ||     1
Armor: Skin              |    28 |    25 |    87 |   101 ||   241
Dodge: Dodged            |    79 |    71 |   174 |   189 ||   513
